 Dungeon Crawl Stone Soup version 0.30-a0-860-g512cf1e979 (webtiles) character file.

Game seed: 10423547658716426963

6 112233 the Sneak (level 1, -1/15 HPs)
             Began as a Naga Air Elementalist on Mar 8, 2023.
             Slain by a kobold
             ... wielding a +0 dagger
              (2 damage)
             ... on level 1 of the Dungeon.
             The game lasted 00:00:39 (182 turns).

112233 the Sneak (Naga Air Elementalist)             Turns: 182, Time: 00:00:40

Health: -1/15      AC:  1    Str: 10    XL:     1   Next: 90%
Magic:  1/3        EV:  9    Int: 15    God:
Gold:   0          SH:  0    Dex: 11    Spells: 3/4 levels left

rFire   . . .      SeeInvis +    c - staff of cold
rCold   + . .      Faith    .    (no shield)
rNeg    . . .      Spirit   .    a - +0 robe
rPois   +          Reflect  .    (no helmet)
rElec   .          Rampage  .    (no cloak)
rCorr   .                        (no gloves)
Will    .....                    (no barding)
Stlth   ++                       (no amulet)
HPRegen 0.22/turn                (no ring)
MPRegen 0.08/turn                (no ring)

@: very slow
A: AC +0, large, see invisible, deformed body, poison resistance, slowness 2,
spit poison 1, naga tail 1
a: Spit Poison


You were on level 1 of the Dungeon.
You visited 1 branch of the dungeon, and saw 1 of its levels.

Inventory:

Armour
 a - a +0 robe (worn)
Magical Staves
 c - a staff of cold (weapon)
Scrolls
 d - a scroll of identify {unknown}
Potions
 b - a potion of magic


   Skills:
 - Level 1.6 Dodging
 - Level 3.1 Stealth
 + Level 2.2 Spellcasting
 - Level 1.1 Conjurations
 - Level 3.0 Air Magic


You had 3 spell levels left.
You knew the following spells:

 Your Spells              Type           Power      Damage    Failure   Level
a - Shock                 Conj/Air       28%        1d4       10%         1

Your spell library contained the following spells:

 Spells                   Type           Power      Damage    Failure   Level
 Static Discharge         Conj/Air       14%        2-3/arc   14%         2
 Swiftness                Air            10%        N/A       19%         3
 Airstrike                Air            5%         2d(1-17)  52%         4


Dungeon Overview and Level Annotations

Branches:
Dungeon (1/15)

Altars:


Innate Abilities, Weirdness & Mutations

Your serpentine skin is tough. (AC +0)
You have supernaturally acute eyesight. (SInv)
Armour fits poorly on your strangely shaped body.
Your system is resistant to poisons. (rPois)
You cover ground very slowly.
You can spit poison.
You have a snake-like lower body.


Message History

Casting: Shock (safe; 10% risk of failure)
Confirm with . or Enter, or press ? or * to list all spells.
Aiming: Shock (safe; 10% risk of failure)
Press: ? - help, Shift-Dir - straight line, f/p - frilled lizard
Aim: a frilled lizard (48% to hit)
The zap hits the frilled lizard.
The frilled lizard is heavily wounded.
The frilled lizard bites you.
Unknown command.
Casting: Shock (safe; 10% risk of failure)
Confirm with . or Enter, or press ? or * to list all spells.
Aiming: Shock (safe; 10% risk of failure)
Press: ? - help, Shift-Dir - straight line, f/p - frilled lizard
Aim: a frilled lizard (heavily wounded, 48% to hit)
The zap misses the frilled lizard.
The frilled lizard barely misses you.
Unknown command.
Unknown command.
Casting: Shock (safe; 10% risk of failure)
Confirm with . or Enter, or press ? or * to list all spells.
Aiming: Shock (safe; 10% risk of failure)
Press: ? - help, Shift-Dir - straight line, f/p - frilled lizard
Aim: a frilled lizard (heavily wounded, 48% to hit)
The zap misses the frilled lizard.
The kobold hits you with a +0 dagger.
The frilled lizard bites you but does no damage.
Unknown command.
Unknown command.
You closely miss the frilled lizard.
The frilled lizard is heavily wounded.
The kobold hits you with a +0 dagger.
* * * LOW HITPOINT WARNING * * *
The frilled lizard bites you.
* * * LOW HITPOINT WARNING * * *
You barely miss the frilled lizard.
The frilled lizard is heavily wounded.
You have got your breath back.
The kobold hits you with a +0 dagger.
* * * LOW HITPOINT WARNING * * *
The frilled lizard completely misses you.
The kobold hits you with a +0 dagger.
You die...

###### #...[#
#....# #######....#
#....##....#
#.##.##....#
#.##.##.#..#
#.##....#@.# ###
##.....###lK# ..#
#..##### #..# #.#
#..# ##..#
#.###.#######...#
#.##..##........#
##........#####.[#
##......#..# #....#
.......##....#.##.#


You could see a kobold and a frilled lizard.

Vanquished Creatures
  3 ball pythons (D:1)
  An endoplasm (D:1)
  2 frilled lizards (D:1)
6 creatures vanquished.

Notes
Turn   | Place    | Note
-------+----------+-------------------------------------------
     0 | D:1      | 112233 the Naga Air Elementalist began the quest for the
                  | Orb.
     0 | D:1      | Reached XP level 1. HP: 15/15 MP: 3/3
   182 | D:1      | Slain by a kobold

Illustrated notes

Levels and vault maps discovered:
D:1:      minmay_arrival_doors, layout_rooms, serial_shops, shop

Action                     || total
---------------------------++-------
  Melee: Staff             ||    12
   Cast: Shock             ||    12
Ability: Spit Poison       ||     3
    Use: Potion            ||     1
 Armour: Robe              ||     3
  Dodge: Dodged            ||    13

Table legend: (Time is in decaauts)
 A = Elapsed time spent in this place.
 B = Non-inter-level travel time spent in this place.
 C = Inter-level travel time spent in this place.
 D = Time resting spent in this place.
 E = Time spent auto-exploring this place.
 F = Levels seen in this place.
 G = Mean time per level.
                   A        B        C        D        E       F      G
               +--------+--------+--------+--------+--------+-----+--------+
         Total |    217 |    217 |      0 |     46 |    104 |   1 |  217.0 |
       Dungeon |    217 |    217 |      0 |     46 |    104 |   1 |  217.0 |
               +--------+--------+--------+--------+--------+-----+--------+

Top non-repeatable levels by time:
     D:1: 217 daAuts
